Map: Abyssal Reef LE

Players

Shareef

  • Race: Terran Terran
  • League: Diamond
  • Spawn Location: 11:00

Pirateskullz - Winner!

  • Race: Zerg Zerg
  • League: Platinum
  • Spawn Location: 5:00

VOD

Have the link to the VOD?

Description

Time

  • Played on: June 17, 2017, 6:05 p.m.
  • Length: 24:39
Show
View Real Time Build Order
Export as new Build Order

Shareef Terran 

Build Orders: Reaper Expand 

Get SALT Encoding   

  12  0:01  SCV  
  13  0:14  SCV  
  14  0:18  Supply Depot  
  14  0:26  SCV  
  15  0:40  SCV  
  15  0:42  Barracks  
  16  0:45  Refinery  
  16  0:52  SCV  
  18  1:04  SCV  
  18  1:16  SCV  
  19  1:29  Orbital Command  
  19  1:31  Reaper  
  20  1:43  Command Center  
  20  1:55  Barracks  
  20  1:58  SCV  
  21  2:03  Refinery  
  21  2:16  Barracks Reactor  
  21  2:17  SCV  
  22  2:26  Factory  
  23  2:30  SCV  
  23  2:39  Supply Depot  
  23  2:55  Marine x2, SCV  
  25  3:09  Barracks Tech Lab  
  25  3:10  Starport  
  25  3:13  Marine x2  
  25  3:18  Orbital Command  
  27  3:20  SCV  
  28  3:30  Supply Depot, Marine x2  
  28  3:32  Factory Reactor  
  28  3:33  Marine  
  31  3:37  SCV  
  32  3:45  Stimpack  
  32  3:52  Marine  
  32  3:53  Marine x2  
  33  3:59  Supply Depot  
  33  4:06  Engineering Bay  
  33  4:11  Engineering Bay  
  33  4:26  Medivac x2  
  33  4:28  Factory Reactor  
  37  4:34  Supply Depot, SCV x2  
  39  4:42  Marine x3  
  41  4:46  SCV  
  42  4:59  Marine  
  40  5:00  Marine x2  
  42  5:11  SCV  
  42  5:12  SCV  
  44  5:20  Command Center  
  44  5:22  Marine x3  
  47  5:34  Widow Mine x2  
  51  5:36  Terran Infantry Weapons Level 1  
  51  5:37  Terran Infantry Armor Level 1  
  51  6:00  SCV x2  
  53  6:14  Marine x3  
  53  6:16  Widow Mine x2  
  60  6:23  Supply Depot  
  60  6:31  Marine  
  60  6:32  Marine x2  
  63  6:49  Marine  
  63  6:50  Marine x2  
  58  7:07  Marine x2  
  58  7:08  Marine  
  61  7:10  Barracks x2  
  61  7:11  Barracks  
  61  7:16  Widow Mine x2  
  61  7:18  Supply Depot  
  65  7:23  Supply Depot  
  65  7:24  SCV x2  
  65  7:25  Marine x3  
  65  7:29  Refinery  
  70  7:32  Refinery  
  70  7:36  SCV x2  
  72  7:43  Marine x3  
  75  7:44  Widow Mine  
  75  7:45  Widow Mine  
  75  7:48  SCV x2  
  75  7:49  Medivac x2  
  85  8:00  SCV  
  85  8:01  Marine, SCV  
  88  8:13  Widow Mine, SCV x2  
  88  8:14  Barracks Reactor  
  92  8:25  SCV x2  
  77  8:50  Barracks Reactor  
  77  8:54  Marine  
  77  8:55  Barracks Reactor, Marine x4  
  73  9:11  Widow Mine x2  
  73  9:12  Marine  
  73  9:13  Marine x4  
  82  9:24  Medivac  
  82  9:29  Supply Depot  
  82  9:30  Supply Depot x2, Marine  
  85  9:31  Supply Depot  
  85  9:50  Widow Mine x2  
  85  9:51  Medivac, Marine x5  
  85  9:52  Marine  
  97  9:53  Marine x3  
  100  10:08  Marine x4  
  100  10:09  Marine  
  100  10:10  Marine x2  
  100  10:11  Marine x2  
  109  10:19  Widow Mine x2  
  113  10:26  Marine x4  
  117  10:45  Marine x2  
  117  10:52  Widow Mine x2  
  117  10:53  Marine x7  
  107  11:03  Marine x2  
  97  11:09  SCV  
  97  11:10  Marine x2, SCV  
  101  11:15  Supply Depot  
  101  12:10  Supply Depot  
  101  12:11  Supply Depot  
  86  12:27  SCV  
  86  12:29  SCV  
  86  12:31  Widow Mine, Marine x6  
  86  12:32  Widow Mine, Marine x3  
  86  12:34  Supply Depot  
  97  12:39  SCV  
  97  12:41  SCV  
  95  12:49  Marine x7  
  95  12:50  Armory  
  102  12:56  Supply Depot, Marine x2, SCV x2  
  106  13:07  Marine x7  
  106  13:08  SCV  
  106  13:09  Supply Depot  
  114  13:13  Marine x2  
  116  13:25  Marine x5  
  115  13:30  Marine  
  115  13:31  Marine x3  
  107  13:43  Marine x5  
  112  13:52  Marine x4  
  116  14:01  Marine x4  
  116  14:26  Marine  
  116  14:27  Marine x8  
  125  14:39  Widow Mine  
  125  14:40  Widow Mine  
  125  14:44  Marine  
  125  14:45  Marine x2  
  58  15:05  Marine  
  58  15:06  Marine x5  
  53  15:08  Widow Mine  
  45  15:48  Widow Mine  
  47  16:30  Widow Mine x2  
  51  17:12  Marauder  
  14  20:05  Orbital Command  
  12  20:32  Widow Mine  
  12  21:00  Widow Mine  
  12  21:10  Marine x3  
  12  21:11  Marine  
  6  22:19  Orbital Command  
  6  22:27  Widow Mine  
  6  22:56  Widow Mine  
  8  23:24  Widow Mine  
  10  23:58  Widow Mine  
Show
View Real Time Build Order
Export as new Build Order

Pirateskullz Zerg - Winner!

Build Orders: Pool First 

Get SALT Encoding   

  12  0:01  Drone  
  13  0:08  Drone  
  14  0:14  Extractor  
  14  0:16  Drone  
  15  0:26  Overlord  
  15  0:41  Spawning Pool  
  14  0:48  Drone  
  14  0:49  Drone  
  16  0:50  Drone  
  17  1:08  Drone  
  18  1:20  Hatchery, Drone  
  18  1:23  Drone  
  19  1:46  Zergling x4  
  21  1:58  Extractor  
  20  2:03  Hatchery  
  20  2:04  Drone  
  20  2:06  Overlord  
  20  2:13  Queen  
  21  2:19  Zergling x2  
  22  2:37  Zergling x2  
  22  2:41  Drone  
  24  2:45  Hatchery  
  23  3:03  Drone x4  
  23  3:04  Drone  
  28  3:08  Queen  
  30  3:13  Zergling x2  
  30  3:17  Zergling x4  
  33  3:21  Zergling x2  
  34  3:28  Overlord  
  34  3:30  Drone x2  
  34  3:33  Drone  
  37  3:41  Zergling x4  
  37  3:42  Zergling x4  
  40  3:54  Zergling x2  
  40  3:55  Zergling x4  
  43  4:01  Drone x4  
  43  4:02  Drone  
  48  4:17  Drone x3  
  48  4:18  Drone  
  48  4:21  Queen  
  48  4:23  Drone  
  55  4:31  Overlord x3  
  44  5:00  Zergling x4  
  44  5:01  Zergling x14  
  44  5:02  Zergling x8  
  44  5:06  Extractor  
  53  5:08  Drone x2  
  53  5:09  Extractor  
  53  5:13  Drone x2  
  53  5:14  Drone  
  57  5:15  Queen  
  57  5:16  Queen  
  61  5:36  Drone x3  
  61  5:39  Drone x3  
  61  5:40  Drone x3  
  70  5:42  Extractor  
  70  5:43  Zergling x4  
  70  5:45  Overlord  
  71  6:02  Zergling x6  
  71  6:03  Zergling x14  
  71  6:04  Zergling x2  
  82  6:09  Baneling Nest  
  82  6:11  Drone  
  82  6:17  Zergling x8  
  86  6:19  Metabolic Boost  
  86  6:22  Lair  
  86  6:24  Drone x2  
  88  6:26  Overlord x2  
  84  6:50  Zergling x14  
  84  6:51  Zergling x12  
  92  7:02  Drone  
  92  7:03  Drone x6  
  92  7:04  Drone x4  
  103  7:11  Baneling x4  
  103  7:12  Baneling x7  
  103  7:13  Baneling x4  
  103  7:14  Baneling x2  
  103  7:20  Overlord x2  
  103  7:29  Drone  
  104  7:38  Hatchery  
  104  7:39  Overlord x2  
  104  7:40  Overlord x2  
  103  7:44  Baneling  
  103  7:45  Baneling x6  
  103  7:46  Baneling x4  
  103  7:47  Baneling  
  103  7:51  Spine Crawler  
  103  7:53  Centrifical Hooks  
  103  7:56  Zergling x2  
  103  7:57  Zergling x4  
  105  8:04  Zergling x6  
  105  8:05  Zergling x8  
  112  8:33  Zergling x8  
  112  8:34  Zergling x16  
  119  8:35  Zergling x2  
  97  8:53  Zergling x6  
  97  8:54  Zergling x14  
  89  9:15  Drone  
  89  9:16  Drone  
  91  9:20  Drone x4  
  91  9:21  Drone x3  
  98  9:26  Drone x5  
  98  9:27  Drone  
  104  9:39  Overlord x5  
  104  9:40  Overlord x2  
  104  9:48  Zergling x6  
  104  9:49  Zergling x14  
  104  9:50  Zergling x4  
  116  9:55  Infestation Pit  
  116  9:57  Zergling x8  
  119  10:14  Zergling x14  
  122  10:16  Baneling  
  122  10:17  Baneling x4  
  122  10:18  Baneling x7  
  122  10:19  Baneling x8  
  122  10:20  Baneling x7  
  122  10:21  Baneling x8  
  126  10:22  Baneling x7  
  126  10:23  Baneling x4  
  126  10:25  Zergling x2  
  126  10:26  Zergling x8  
  103  11:07  Zergling x12  
  103  11:08  Zergling x14  
  103  11:09  Zergling x4  
  116  11:20  Hatchery  
  116  11:22  Zergling x6  
  116  11:23  Zergling x2  
  114  11:49  Zergling x2  
  114  11:50  Zergling x12  
  114  11:51  Zergling x2  
  122  12:02  Zergling x4  
  122  12:03  Zergling x12  
  129  12:19  Baneling x5  
  108  12:33  Zergling x12  
  108  12:34  Zergling x14  
  105  12:40  Zergling x6  
  107  12:45  Queen  
  107  12:49  Drone x3  
  107  12:50  Drone  
  113  12:58  Baneling x3  
  113  12:59  Baneling x7  
  113  13:00  Baneling x8  
  113  13:01  Baneling x7  
  113  13:02  Baneling x8  
  113  13:03  Baneling x7  
  113  13:04  Baneling x7  
  113  13:05  Baneling x8  
  113  13:06  Baneling x3  
  113  13:07  Swarm Host  
  113  13:08  Drone x5  
  113  13:09  Drone x2  
  118  13:29  Zergling x4  
  118  13:30  Zergling x16  
  127  13:35  Zergling x2  
  128  13:44  Extractor  
  128  13:47  Extractor  
  125  13:56  Hatchery  
  125  14:02  Zergling x10  
  122  14:03  Zergling x12  
  128  14:10  Zergling x2  
  128  14:11  Zergling x12  
  128  14:16  Drone  
  132  14:29  Zergling x12  
  103  15:00  Zergling x4  
  103  15:01  Zergling x14  
  103  15:02  Zergling x6  
  109  15:29  Zergling x2  
  109  15:30  Zergling x14  
  110  15:50  Zergling x2  
  110  15:51  Zergling x14  
  110  15:53  Queen  
  120  16:10  Zergling x4  
  120  16:11  Zergling x14  
  126  16:12  Zergling x14  
  136  16:22  Zergling x2  
  136  16:23  Zergling x10  
  142  16:36  Zergling x6  
  142  16:37  Zergling x8  
  149  16:48  Hive  
  149  16:50  Zergling x8  
  149  16:51  Zergling x12  
  121  17:48  Zergling x10  
  121  17:49  Zergling x14  
  121  17:50  Zergling x12  
  125  18:24  Baneling  
  125  18:25  Baneling x6  
  125  18:26  Baneling x7  
  125  18:27  Baneling x6  
  125  18:28  Baneling x7  
  125  18:29  Baneling x6  
  125  18:30  Baneling x2  
  125  18:37  Spore Crawler, Drone x5  
  125  18:38  Drone x5  
  132  18:57  Zergling x6  
  132  18:58  Zergling x14  
  132  18:59  Zergling x2  
  127  19:42  Spire  
  125  19:46  Ultralisk Cavern  
  123  20:13  Zergling x10  
  123  20:14  Zergling x14  
  135  20:30  Spore Crawler  
  134  20:40  Ultralisk x4  
  134  20:41  Ultralisk x4  
  182  20:49  Hydralisk Den, Chitinous Plating  
  181  20:54  Drone x2  
  181  20:55  Drone x2  
  185  20:58  Drone x4  
  185  20:59  Drone x2  
  191  21:07  Spore Crawler  
  191  21:10  Spore Crawler  
  181  21:50  Hydralisk x2  
  181  21:51  Hydralisk x4  
  193  21:56  Mutalisk x3  
  190  22:28  Hatchery  
  189  22:35  Spore Crawler x2  
  184  23:27  Spore Crawler  
  183  24:13  Zergling x6  
  183  24:14  Zergling x14  
  183  24:15  Zergling x12  
Tags
 
Add a new tag
Caveats
  • Supply blocks, unpowered buildings, or Contaminate may cause inaccurate times.
  • Supply counts are checked every 10 seconds.